 Dungeon Crawl Stone Soup version 0.31.0-7-gf635a9b802 (webtiles) character file.

Game seed: 8405383045709566452

112 Zeia the Covered (level 4, -2/39 HPs)
             Began as an Armataur Fighter on Jan 24, 2024.
             Slain by a black bear (5 damage)
             ... on level 4 of the Dungeon.
             The game lasted 00:04:45 (1672 turns).

Zeia the Covered (Armataur Fighter)                 Turns: 1672, Time: 00:04:46

Health: -2/39      AC:  7    Str: 29    XL:     4   Next: 63%
Magic:  4/4        EV:  7    Int:  9    God:
Gold:   71         SH:  9    Dex:  9    Spells: 3/3 levels left

rFire   . . .        a - +0 long sword
rCold   . . .        c - +0 buckler
rNeg    . . .        b - +0 scale mail
rPois   .            (no helmet)
rElec   .            (no cloak)
rCorr   .            (no gloves)
SInv    .            (no barding)
Will    .....        g - amulet of reflection Stlth
                     l - ring of wizardry
HPRegen 0.26/turn    n - +6 ring of strength
MPRegen 0.09/turn

%: reflection, roll, wizardry (x1)
@: studying Unarmed Combat
A: large, deformed body, tough skin 3, armoured tail, roll 1
a: no special abilities


You were on level 4 of the Dungeon.
You visited 1 branch of the dungeon, and saw 4 of its levels.

You collected 71 gold pieces.

Inventory:

Hand Weapons
 a - a +0 long sword (weapon)
Armour
 b - a +0 scale mail (worn)
 c - a +0 buckler (worn)
Jewellery
 g - an amulet of reflection (around neck)
 l - a ring of wizardry (left hand)
 m - a ring of ice
 n - a +6 ring of strength (right hand)
 u - a ring of see invisible
 w - a ring of protection from fire
 z - a ring of protection from fire
Wands
 q - a wand of quicksilver (2)
Scrolls
 e - a scroll of amnesia {unknown}
 f - 3 scrolls of revelation {unknown}
 o - 2 scrolls of teleportation {unknown}
 p - a scroll of summoning {unknown}
 r - a scroll of enchant armour {unknown}
 y - a scroll of identify {unknown}
 A - a scroll of brand weapon {unknown}
Potions
 d - a potion of might
 h - a potion of curing {unknown}
 i - 2 potions of resistance {unknown}
 j - a potion of magic {unknown}
 k - a potion of brilliance {unknown}
 s - a potion of lignification {unknown}
 t - a potion of heal wounds {unknown}
 v - 2 potions of ambrosia {unknown}
 x - a potion of enlightenment {unknown}
 B - a potion of degeneration {unknown}


   Skills:
 + Level 3.6 Fighting
 + Level 2.9 Long Blades
 + Level 4.8 Armour
 - Level 3.2 Shields


You had 3 spell levels left.
You didn't know any spells.
Your spell library contained the following spells:

 Spells                   Type           Power      Damage    Failure   Level
 Call Imp                 Summ           0%         N/A       47%         2
 Lesser Beckoning         Tloc           0%         N/A       47%         2
 Sublimation of Blood     Necr           0%         N/A       47%         2
 Gell's Gravitas          Tloc           0%         N/A       71%         3
 Teleport Other           Tloc           0%         N/A       71%         3
 Summon Hydra             Summ           0%         N/A       100%        7


Dungeon Overview and Level Annotations

Branches:
Dungeon (4/15)
 Temple: D:4-7

Altars:
Cheibriados
Hepliaklqana
Vehumet


Innate Abilities, Weirdness & Mutations

Armour fits poorly on your strangely shaped body.
You have extremely tough skin. (AC +3)
You have a long armoured tail.
You regenerate magic when rolling toward enemies. (Rampage MPRegen)


Message History

You block the black bear's attack.
The black bear claws you but does no damage.
The black bear claws you. You block the black bear's attack.
The black bear claws you but does no damage.
The black bear claws you.
You hit the black bear.
The black bear is severely wounded.
The black bear goes berserk!
You hit the black bear. You tail-slap the black bear.
The black bear is almost dead.
The black bear closely misses you. The black bear barely misses you. x2
You block the black bear's attack. The black bear barely misses you.
The black bear claws you but does no damage.
You completely miss the black bear.
The black bear is almost dead.
The black bear bites you. You block the black bear's attack.
The black bear claws you. The black bear bites you!
The black bear claws you but does no damage.
You block the black bear's attack.
You hit the black bear.
The black bear is almost dead.
The black bear completely misses you. The black bear barely misses you.
The black bear completely misses you. The black bear bites you.
The black bear claws you but does no damage. x2
Unknown command.
You closely miss the black bear.
Your tail-slap misses the black bear.
The black bear is almost dead.
The black bear barely misses you. x2
The black bear claws you but does no damage.
The black bear bites you but does no damage.
The black bear claws you.
* * * LOW HITPOINT WARNING * * *
The black bear claws you.
* * * LOW HITPOINT WARNING * * *
You hit the black bear but do no damage.
The black bear is almost dead.
You block the black bear's attack. The black bear claws you.
* * * LOW HITPOINT WARNING * * *
The black bear claws you.
You die...

##.## ## #...####
##. ##......# #..
#.......# ##..
#......###
##...##..###.#.#
#........##....##
#.#..Z########.<#
...#..#hh@......##
......hh##.######
.......#.# .#
......##†# .#
......Zhh# ..
.......hh# ##
....8...Z.
.........
.........h


You could see a black bear (berserk), a scorpion zombie and 3 jackals.

Vanquished Creatures
  4 adders
  2 dart slugs
  2 ribbon worms (D:2)
  4 bats
  8 endoplasms
  3 giant cockroaches
  6 hobgoblins
  2 jackals (D:4)
  5 kobolds
  5 quokkas
  6 ball pythons
  7 frilled lizards
  6 goblins
  7 rats
67 creatures vanquished.

Notes
Turn   | Place    | Note
-------+----------+-------------------------------------------
     0 | D:1      | Zeia the Armataur Fighter began the quest for the Orb.
     0 | D:1      | Reached XP level 1. HP: 18/18 MP: 1/1
    19 | D:1      | Found a faded altar of an unknown god.
   190 | D:1      | Reached XP level 2. HP: 22/25 MP: 2/2
   196 | D:1      | Reached skill level 4 in Armour
   433 | D:1      | Reached XP level 3. HP: 31/31 MP: 3/3
   956 | D:2      | Found a hazy altar of Hepliaklqana.
   979 | D:2      | Reached XP level 4. HP: 38/38 MP: 4/4
  1184 | D:3      | Found a radiant altar of Vehumet.
  1392 | D:3      | Found a snail-covered altar of Cheibriados.
  1642 | D:4      | Noticed a black bear
  1672 | D:4      | Slain by a black bear

Illustrated notes

Levels and vault maps discovered:
D:1:      dpeg_arrival_ratfight, layout_rooms,
          ebering_ecumenical_altar_petrified, minmay_hedge_maze, st_stairs_12,
          minmay_domino_2
D:2:      layout_rooms, basic_altar
D:3:      layout_rooms, mainiacjoe_overflow_paths, pf_just_have_faith,
          nicolae_figureground_pulse
D:4:      layout_cave_pools, led_sif_pool, gammafunk_temple_overflow_statue,
          serial_shops, nicolae_shop_back_alley_shop, serial_undead,
          serial_undead_d, serial_undead_f, serial_undead_a, serial_undead_b,
          uniq_ijyb, uniq_pikel, uniq_robin

Skill      XL: |  1  2 |
---------------+-------+-----
Long Blades    | 2 |  2.9
Armour         | 4 |  4.8
Fighting       | 3 |  3.6
Shields        | |  3.2

Action                     |  1- 3 |  4- 6 || total
---------------------------+-------+-------++-------
  Melee: Long sword        |   221 |    66 ||   287
         Tailslap          |    32 |     9 ||    41
 Armour: Scale mail        |    83 |    54 ||   137
  Dodge: Dodged            |    61 |    26 ||    87
  Block: Buckler           |    22 |    41 ||    63
         Reflection        |       |     2 ||     2
